 Dungeon Crawl Stone Soup version 0.30.1 (webtiles) character file.

Game seed: 4018413178981064267

267967 Graphine the Warrior (level 19, -1/232 HPs)
             Began as a Demonspawn Fighter on July 8, 2023.
             Was a High Priest of Trog.
             Slain by an azure jelly (4 damage)
             ... created by the Royal Jelly
             ... on level 5 of the Pits of Slime.
             The game lasted 01:41:10 (30564 turns).

Graphine the Warrior (Demonspawn Fighter)          Turns: 30564, Time: 01:41:10

Health: -1/232     AC: 19    Str: 27    XL:     19   Next: 36%
Magic:  4/15       EV: 14    Int: 15    God:    Trog [*****.]
Gold:   2004       SH: 21    Dex: 21    Spells: 18/18 levels left

rFire   + . .        a - +9 broad axe of Fortitude {flame, Stlth+}
rCold   + + +        T - +2 kite shield {rC+}
rNeg    . . .        X - +5 crystal plate armour {rC+}
rPois   .            (helmet unavailable)
rElec   +            M - +0 cloak of Snakes and Ladders {Fly rElec Int+2}
rCorr   +            C - +2 pair of gloves {hurl}
SInv    +            N - +1 pair of boots of the Ten Runes {+Inv rF+ rC+}
Will    ++...        e - amulet of reflection Stlth
                     h - +4 ring of slaying
HPRegen 2.58/turn    w - ring of the Saviour {Fly Will+ rCorr Int+2 Dex+6}
MPRegen 0.14/turn

%: random rage (3%), repel missiles, reflection
@: berserking, corroded, flying, very quick
A: antennae 3, repulsion field 3, powered by death 1, spiny 2, augmentation 1,
agile 1, berserk 1, clever 1, low MP 2, sense surroundings 1, screaming 1,
strong 1, subdued magic 1
}: 2/15 runes: barnacled, gossamer
a: Renounce Religion, Evoke Invisibility, Berserk, Trog's Hand, Brothers in Arms


You were on level 5 of the Pits of Slime.
You worshipped Trog.
Trog was extremely pleased with you.
You visited 6 branches of the dungeon, and saw 31 of its levels.
You visited the Abyss 1 time.
You also visited: Bailey and Ice Cave.

You collected 2968 gold pieces.
You spent 964 gold pieces at shops.

Inventory:

Hand Weapons
 a - the +9 broad axe of Fortitude (weapon) {flame, Stlth+}
   (Trog gifted it to you on level 3 of the Spider Nest)

   Stlth:     It makes you more stealthy.
 G - a +2 broad axe of freezing
 P - a +5 antimagic war axe
 Z - a +5 heavy broad axe
Missiles
 g - 16 javelins (quivered)
 j - 7 boomerangs
 y - 5 silver javelins
 J - 12 boomerangs of dispersal
 R - 4 throwing nets
Armour
 C - a +2 pair of gloves of hurling (worn)
 M - the +0 cloak of Snakes and Ladders (worn) {Fly rElec Int+2}
   (You found it on level 2 of the Spider Nest)

   Int:       It affects your intelligence (+2).
   rElec:     It insulates you from electricity.
   Fly:       It grants you flight.
 N - the +1 pair of boots of the Ten Runes (worn) {+Inv rF+ rC+}
   (You acquired it on level 1 of the Lair of Beasts)

   rF:        It protects you from fire.
   rC:        It protects you from cold.
   +Inv:      It lets you turn invisible.
 T - a +2 kite shield of cold resistance (worn)
 X - a +5 crystal plate armour of cold resistance (worn)
Jewellery
 e - an amulet of reflection (around neck)
 h - a +4 ring of slaying (left hand)
 u - a ring of poison resistance
 w - the ring of the Saviour (right hand) {Fly Will+ rCorr Int+2 Dex+6}
   (You found it on level 4 of the Dungeon)

   [ring of dexterity]

   Int:       It affects your intelligence (+2).
   Dex:       It affects your dexterity (+6).
   Fly:       It grants you flight.
   rCorr:     It protects you from acid and corrosion.
   Will:      It increases your willpower.
 B - a ring of positive energy
 W - the ring of Itsy {rF+++ rC++ rN+ Slay-6}
   (You found it in an ice cave)

   [ring of positive energy]

   Slay:      It affects your accuracy & damage with ranged weapons and melee
   (-6).
   rF:        It renders you almost immune to fire.
   rC:        It greatly protects you from cold.
   rN:        It protects you from negative energy.
Wands
 c - a wand of charming (22)
 f - a wand of polymorph (6)
 l - a wand of roots (6)
 n - a wand of digging (1)
 H - a wand of flame (38)
 K - a wand of mindburst (12)
 L - a wand of acid (39)
Scrolls
 b - 6 scrolls of butterflies
 p - 5 scrolls of amnesia
 t - 5 scrolls of fog
 v - a scroll of blinking
 D - 3 scrolls of magic mapping
 I - 4 scrolls of fear
 O - 6 scrolls of teleportation
 U - 2 scrolls of immolation
 V - a scroll of brand weapon
 Y - a scroll of poison
Potions
 d - 4 potions of might
 i - 9 potions of haste
 k - 4 potions of attraction
 m - 2 potions of resistance
 o - 2 potions of berserk rage
 q - 3 potions of magic
 r - 7 potions of curing
 s - 5 potions of ambrosia
 x - 6 potions of cancellation
 z - 3 potions of heal wounds
 A - 10 potions of mutation
 F - 7 potions of flight
 Q - 3 potions of invisibility
Miscellaneous
 E - a box of beasts


   Skills:
 - Level 15.0 Fighting
 - Level 14.3(15.0) Axes
 - Level 7.9(12.1) Polearms
 - Level 14.0 Armour
 + Level 9.8 Dodging
 - Level 14.0 Shields
 - Level 15.0 Evocations


You had 18 spell levels left.
You didn't know any spells.
Your spell library contained the following spells:

 Spells                   Type           Power      Damage    Failure   Level
 Kiss of Death            Conj/Necr      0%         2d5       100%        1
 Magic Dart               Conj           0%         1d3       100%        1
 Summon Small Mammal      Summ           0%         N/A       100%        1
 Sublimation of Blood     Necr           0%         N/A       100%        2
 Wereblood                Tmut           0%         N/A       100%        2
 Call Canine Familiar     Summ           0%         N/A       100%        3
 Confusing Touch          Hex            0%         N/A       100%        3
 Summon Guardian Golem    Hex/Summ       0%         N/A       100%        3
 Dispel Undead            Necr           0%         3d6       100%        4
 Summon Hydra             Summ           0%         N/A       100%        7


Dungeon Overview and Level Annotations

Branches:
Dungeon (11/15)            Temple (0/1) D:5            Lair (5/5) D:11
 Shoals (4/4) Lair:2       Spider (4/4) Lair:3        Slime (5/5) Lair:4
    Orc (2/2) D:9             Elf (0/3) Orc:2        Bailey (visited)
  IceCv (visited)

Altars:
Fedhas
Hepliaklqana
Kikubaaqudgha
Makhleb
Qazlal
Ru
Sif Muna
Trog
Vehumet
Jiyva

Shops:
D:1 [   D:3 *?!*[   D:6 [   D:8 !   Orc:2 [*:(   Shoals:2 *   Shoals:3 [*

Annotations:
Slime:5 Royal Jelly


Innate Abilities, Weirdness & Mutations

You have a pair of large antennae on your head. (SInv)
You are surrounded by a strong repulsion field. (EV +4, RMsl)
You regenerate a little health from kills.
You are mostly covered in sharp spines.
Your magical and physical power is slightly enhanced at high health.
You are agile. (Dex +4, Str/Int -1)
You sometimes lose your temper in combat.
Your mind is acute. (Int +4, Str/Dex -1)
Your magical capacity is very low. (-20% MP)
You passively map a small area around you.
You occasionally shout uncontrollably at your foes.
Your muscles are strong. (Str +4, Int/Dex -1)
Your spells are a little easier to cast, but a little less powerful.


Message History

That felt strangely unrewarding.
The acid blob spits acid at you.
You block splash of acid... and reflect it back!
The splash of acid hits the acid blob.
The acid blob completely resists.
You block the azure jelly's attack.
The azure jelly hits you but does no damage. x2
The azure jelly barely misses you. You block the azure jelly's attack.
The azure jelly barely misses you. The azure jelly hits you!
* * * LOW HITPOINT WARNING * * *
The azure jelly hits you but does no damage.
The azure jelly is struck by your spines.
The azure jelly hits you.
* * * LOW HITPOINT WARNING * * *
The azure jelly freezes you! You resist.
* * * LOW HITPOINT WARNING * * *
You block the azure jelly's attack.
The azure jelly hits you but does no damage. x2
The rockslime hits you!!
* * * LOW HITPOINT WARNING * * *
You hold your ground!
You closely miss the azure jelly.
The azure jelly is severely wounded.
You barely miss the azure jelly. You slash the acid blob!
You burn the acid blob!
Your hands burn!
* * * LOW HITPOINT WARNING * * *
You hit the rockslime but do no damage. You slice the azure jelly!!
You burn the azure jelly.
You feel the power of Trog in you as your rage grows.
You kill the azure jelly!
That felt strangely unrewarding.
The acid blob spits acid at you.
The splash of acid is repelled.
The azure jelly hits you.
* * * LOW HITPOINT WARNING * * *
The azure jelly freezes you. You resist.
* * * LOW HITPOINT WARNING * * *
You block the azure jelly's attack. x2; The azure jelly misses you.
The azure jelly hits you!
* * * LOW HITPOINT WARNING * * *
The azure jelly freezes you. You resist.
You die...

* ** ##.............
................
#.............. , *
*#............... *
##............... *
, *
#................ *
, ##...JJ..........
, #...JJ@..........
#.....J...........
.....G...........#.
*
...................#
................#..
................###
, ,
..................#
,
...............#.##
................##


You could see the Royal Jelly, an acid blob, 2 azure jellies, a rockslime and a
shining eye.

Vanquished Creatures
  Mlioglotl (Spider:2)
  The ghost of Ughina the Tortoise, an adept MiFi of Okawaru (Shoals:1)
  16 acid blobs
  Polyphemus (Shoals:3)
  2 krakens (Shoals:2)
  Gastronok (Lair:1)
  Kirke (Spider:4)
  10 azure jellies
  A frost giant (IceCv)
  8 emperor scorpions
  2 rockslimes
  A ghost moth (Spider:3)
  An orc warlord (Orc:2)
  6 broodmothers
  14 quicksilver oozes
  A dire elephant (Lair:5)
  2 spark wasps
  3 merfolk javelineers (Shoals:4)
  An eidolon (Abyss:2)
  6 merfolk impalers
  3 entropy weavers
  Fannar (Lair:1)
  A rakshasa (Abyss:2)
  2 great orbs of eyes
  5 hydras
  A catoblepas (Shoals:3)
  A merfolk avatar (Shoals:4)
  A radroach (Spider:4)
  3 jorogumos
  An alligator snapping turtle (Shoals:4)
  A centaur warrior (Shoals:3)
  14 death yaks
  4 satyrs
  6 merfolk aquamancers (Shoals:4)
  A vampire mage (D:9)
  An orc high priest (Orc:2)
  Urug (Lair:1)
  A sun demon (Abyss:2)
  A wretched star (Abyss:2)
  6 skysharks
  A sun moth (Spider:2)
  6 pharaoh ants
  A spectral anaconda (Lair:5)
  12 sea snakes
  An orb spider (shapeshifter) (Abyss:2)
  13 orb spiders
  An obsidian statue (Lair:5)
  Pikel (D:7)
  3 steelbarb worms (Spider:4)
  The ghost of Peloso the Slasher, a novice MiFi of Okawaru (D:5)
  4 necromancers (Lair:5)
  3 large abominations (Abyss:2)
  5 orc knights
  4 harpies (Shoals:1)
  7 manticores
  6 shining eyes
  4 orc sorcerers (Orc:2)
  21 wolf spiders
  A worldbinder (Abyss:2)
  2 cyclopes (D:11)
  14 fauns
  9 elephants
  2 moths of wrath
  4 merfolk sirens
  2 eyes of devastation (Slime:4)
  A guardian serpent (Abyss:2)
  3 black mambas
  A dire elephant zombie (Lair:5)
  5 torpor snails
  8 water nymphs
  4 demonic crawlers
  A smoke demon (Abyss:2)
  2 ice statues
  2 orange demons (Abyss:2)
  9 cane toads
  Psyche (D:8)
  2 dire elephant skeletons (Lair:5)
  6 rime drakes
  2 ancient zymes (Abyss:2)
  7 komodo dragons
  12 polar bears
  5 trolls
  13 merfolk
  Grinder (D:5)
  10 wind drakes
  26 tarantellas
  4 dream sheep (Lair:3)
  2 spectral elephants (Lair:5)
  10 snapping turtles
  Sigmund (D:3)
  19 blink frogs
  A flying skull (Abyss:2)
  A ynoxinul (Abyss:2)
  17 jumping spiders
  3 air elementals (Shoals:4)
  22 culicivoras
  2 wraiths
  24 water elementals
  7 wyverns
  73 slime creatures
  12 starcursed masses (Abyss:2)
  A hog (Spider:4)
  48 yaks
  A human (Spider:4)
  3 basilisks
  4 steam dragons
  13 golden eyes
  A death yak simulacrum (Lair:5)
  A neqoxec (Abyss:2)
  56 redbacks
  3 spectral cane toads (Lair:5)
  3 wargs
  2 acid dragons
  A small abomination (Abyss:2)
  9 water moccasins
  32 orc warriors
  Pargi (D:3)
  2 sky beasts (D:7)
  2 black bears
  5 ogres
  22 wolves
  5 centaurs
  A lemure (D:7)
  11 bullfrogs
  A scorpion (D:4)
  2 cane toad simulacra (Lair:5)
  5 wights (D:8)
  9 killer bees
  2 elephant simulacra (Lair:5)
  An electric eel (Lair:1)
  5 howler monkeys
  5 lava snakes (D:10)
  4 jellies
  Crazy Yiuf (D:3)
  4 hounds
  18 orc priests
  7 sleepcaps
  2 iguanas
  Jessica (D:3)
  A gnoll bouda (D:5)
  25 orc wizards
  Natasha (thrice) (D:2)
  11 hell rats
  9 adders
  13 gnolls
  3 white imps
  3 ufetubi
  A worm (D:3)
  A dart slug (D:1)
  90 orcs
  5 ball pythons
  6 endoplasms
  8 giant cockroaches
  13 goblins
  7 hobgoblins
  3 jackals
  3 quokkas
  8 bats
  7 frilled lizards
  13 kobolds
  9 rats
  A starspawn tentacle (Abyss:2)
  6 tentacles (Shoals:2)
1124 creatures vanquished.

Vanquished Creatures (collateral kills)
  Bai Suzhen (Spider:4)
  A bone dragon (Abyss:2)
  A titan (Shoals:4)
  A tentacled starspawn (Abyss:2)
  Donald (Spider:3)
  A quicksilver ooze (Slime:3)
  A merfolk impaler (Shoals:2)
  An entropy weaver (Spider:4)
  An orb spider (Spider:4)
  A wolf spider (Spider:3)
  2 shining eyes (Slime:3)
  A torpor snail (Spider:3)
  A merfolk (Shoals:2)
  A snapping turtle (Shoals:4)
  11 slime creatures
  3 jumping spiders
  A water elemental (Shoals:2)
  A small abomination (Abyss:2)
  A starspawn tentacle (Abyss:2)
32 creatures vanquished.

Vanquished Creatures (others)
  A water nymph (Shoals:4)
  A water elemental (Shoals:4)
  2 humans (Spider:4)
  A redback (Spider:1)
  A golden eye (Slime:2)
  A water moccasin (D:8)
  An orc priest (Orc:2)
  An orc wizard (Orc:2)
  2 small abominations (Abyss:2)
  6 tentacles (Shoals:2)
17 creatures vanquished.

Grand Total: 1173 creatures vanquished

Notes
Turn   | Place    | Note
-------+----------+-------------------------------------------
     0 | D:1      | Graphine the Demonspawn Fighter began the quest for the
                  | Orb.
     0 | D:1      | Reached XP level 1. HP: 18/18 MP: 1/1
   167 | D:1      | Gained mutation: You are partially covered in sharp spines.
                  | [demonic ancestry]
   167 | D:1      | Reached XP level 2. HP: 23/24 MP: 2/2
   385 | D:1      | Found Qoefuintu's Antique Armour Boutique.
   393 | D:1      | Reached XP level 3. HP: 29/29 MP: 3/3
   680 | D:2      | Gained mutation: You regenerate a little health from kills.
                  | [demonic ancestry]
   680 | D:2      | Reached XP level 4. HP: 35/35 MP: 4/4
   954 | D:2      | Noticed Natasha
   960 | D:2      | Killed Natasha
  1077 | D:2      | Noticed Natasha
  1083 | D:2      | Killed Natasha
  1084 | D:2      | Reached XP level 5. HP: 42/42 MP: 5/5
  1324 | D:2      | Noticed Natasha
  1329 | D:2      | Killed Natasha
  1330 | D:2      | Reached skill level 1 in Dodging
  1436 | D:3      | Noticed Jessica
  1438 | D:3      | Killed Jessica
  1472 | D:3      | Found Cesun's Assorted Antiques.
  1503 | D:3      | Found Yfoluh's Antique Armour Shop.
  1816 | D:3      | Found Tolasef's Magic Scroll Shop.
  1852 | D:3      | Noticed Sigmund
  1880 | D:3      | Killed Sigmund
  1881 | D:3      | Reached XP level 6. HP: 17/49 MP: 6/6
  2015 | D:3      | Found Geisoacw's Distillery.
  2017 | D:3      | Noticed Pargi
  2024 | D:3      | Killed Pargi
  2025 | D:3      | Gained mutation: You are mostly covered in sharp spines.
                  | [demonic ancestry]
  2025 | D:3      | Reached XP level 7. HP: 52/55 MP: 7/7
  2068 | D:3      | Found Nuyhabo's Assorted Antiques.
  2349 | D:3      | Found a runed translucent door.
  2350 | D:3      | Noticed Crazy Yiuf
  2356 | D:3      | Killed Crazy Yiuf
  2458 | D:3      | Bought a tower shield for 117 gold pieces
  2659 | D:4      | Reached skill level 5 in Fighting
  2895 | D:4      | Identified the ring of the Saviour {Fly Will+ rCorr Int+2
                  | Dex+6}
  3077 | D:5      | Entered Level 5 of the Dungeon
  3114 | D:5      | Found a runed translucent gate.
  3114 | D:5      | Found a runed translucent gate.
  3116 | D:5      | Gained mutation: You have a pair of small antennae on your
                  | head. [demonic ancestry]
  3116 | D:5      | Reached XP level 8. HP: 62/62 MP: 8/8
  3116 | D:5      | Noticed Peloso's ghost (novice MiFi)
  3254 | D:5      | Found a hazy altar of Hepliaklqana.
  3254 | D:5      | Found a bloodstained altar of Trog.
  3262 | D:5      | Found a burning altar of Makhleb.
  3266 | D:5      | Found a stormy altar of Qazlal.
  3272 | D:5      | Became a worshipper of Trog the Wrathful
  3371 | D:5      | Reached skill level 5 in Armour
  3371 | D:5      | Reached skill level 5 in Shields
  3371 | D:5      | Found a staircase to the Ecumenical Temple.
  3426 | D:5      | Found a runed translucent gate.
  3451 | D:5      | Killed Peloso's ghost
  3452 | D:5      | Reached skill level 5 in Axes
  3678 | D:5      | Noticed Grinder
  3681 | D:5      | Paralysed by Grinder for 5 turns
  3687 | D:5      | Paralysed by Grinder for 5 turns
  3694 | D:5      | Reached XP level 9. HP: 36/69 MP: 9/9
  3707 | D:5      | Killed Grinder
  4061 | D:6      | Reached * piety under Trog
  4318 | D:6      | Found Heminien's Armour Shoppe.
  4533 | D:7      | Noticed Pikel
  4550 | D:7      | Killed Pikel
  4648 | D:7      | Gained mutation: You have a pair of antennae on your head.
                  | [demonic ancestry]
  4648 | D:7      | Reached XP level 10. HP: 72/79 MP: 10/10
  4838 | D:7      | Found a flagged portal.
  4855 | Bailey   | Entered a bailey
  4875 | Bailey   | Reached ** piety under Trog
  4994 | Bailey   | Noticed an orc knight
  5011 | Bailey   | Killed an orc knight
  5198 | Bailey   | Acquired a +1 pair of gloves of hurling
  5282 | D:7      | You are sucked into a shaft and drop 2 floors!
  5287 | D:9      | Noticed a vampire mage
  5296 | D:9      | Killed a vampire mage
  5515 | D:8      | Gained mutation: You have a pair of large antennae on your
                  | head. (SInv) [demonic ancestry]
  5515 | D:8      | Reached XP level 11. HP: 84/87 MP: 11/11
  5580 | D:8      | Reached *** piety under Trog
  5611 | D:8      | Found Gimio's Distillery.
  5989 | D:8      | Noticed Psyche
  5997 | D:8      | Killed Psyche
  6022 | D:8      | Found an ancient bone altar of Kikubaaqudgha.
  6034 | D:8      | Found a shimmering blue altar of Sif Muna.
  6036 | D:8      | Found a radiant altar of Vehumet.
  6292 | D:8      | Got Vehumet's Volume of Battle Magic
  6369 | D:9      | Found a staircase to the Orcish Mines.
  6412 | D:9      | Found a sacrificial altar of Ru.
  6763 | D:9      | Gained mutation: Your mind is acute. (Int +4, Str/Dex -1)
                  | [potion of mutation]
  6763 | D:9      | Gained mutation: Your flesh is heat resistant. (rF+)
                  | [potion of mutation]
  6763 | D:9      | Gained mutation: Your muscles are strong. (Str +4, Int/Dex
                  | -1) [potion of mutation]
  6763 | D:9      | Gained mutation: You possess an exceptional clarity of
                  | mind. [potion of mutation]
  6765 | Orc:1    | Entered Level 1 of the Orcish Mines
  6806 | Orc:1    | Noticed an orc knight
  6824 | Orc:1    | Killed an orc knight
  6922 | Orc:1    | Reached **** piety under Trog
  7329 | Orc:2    | Entered Level 2 of the Orcish Mines
  7455 | Orc:2    | Noticed an orc knight
  7474 | Orc:2    | Killed an orc knight
  7474 | Orc:2    | Noticed an orc high priest
  7476 | Orc:2    | Noticed an orc sorcerer
  7482 | Orc:2    | Noticed a sixfirhy
  7486 | Orc:2    | Killed an orc sorcerer
  7487 | Orc:2    | Noticed an orc sorcerer
  7488 | Orc:2    | Killed an orc high priest
  7490 | Orc:2    | Noticed an orc sorcerer
  7493 | Orc:2    | Reached skill level 10 in Fighting
  7494 | Orc:2    | Noticed a sixfirhy
  7496 | Orc:2    | Killed an orc sorcerer
  7498 | Orc:2    | Noticed an orc warlord
  7500 | Orc:2    | Found a staircase to the Elven Halls.
  7508 | Orc:2    | Reached ***** piety under Trog
  7536 | Orc:2    | Noticed an orc knight
  7548 | Orc:2    | Killed an orc warlord
  7549 | Orc:2    | Gained mutation: You are surrounded by a mild repulsion
                  | field. (EV +2) [demonic ancestry]
  7549 | Orc:2    | Reached XP level 12. HP: 93/97 MP: 12/12
  7792 | Orc:2    | Found Kadwaal's Antique Armour Emporium.
  7808 | Orc:2    | Found Sosol's Book Emporium.
  8116 | Orc:2    | Found Nuhah's General Store.
  8131 | Orc:2    | Found Lacoasuk's Antique Weapon Emporium.
  8295 | D:8      | Bought a potion of experience for 600 gold pieces
  8295 | D:8      | Reached skill level 10 in Axes
  8295 | D:8      | Reached skill level 10 in Armour
  8295 | D:8      | Reached skill level 10 in Shields
  8295 | D:8      | Gained mutation: You are surrounded by a moderate repulsion
                  | field. (EV +3) [demonic ancestry]
  8295 | D:8      | Reached XP level 13. HP: 106/106 MP: 13/13
  8408 | D:3      | Bought an iron ring for 120 gold pieces
  8464 | D:1      | Bought a pair of glowing boots for 127 gold pieces
  8695 | D:10     | Entered Level 10 of the Dungeon
  9566 | D:11     | Found a frozen archway.
  9573 | IceCv    | Entered an ice cave
  9710 | IceCv    | Received a gift from Trog
  9803 | IceCv    | Noticed a frost giant
  9819 | IceCv    | Killed a frost giant
 10297 | IceCv    | Identified the ring of Itsy {rF+++ rC++ rN+ Slay-6}
 10817 | D:11     | Found a staircase to the Lair.
 11086 | Lair:1   | Entered Level 1 of the Lair of Beasts
 11090 | Lair:1   | Reached XP level 14. HP: 116/116 MP: 14/14
 11120 | Lair:1   | Noticed Fannar
 11135 | Lair:1   | Killed Fannar
 11213 | Lair:1   | Noticed Gastronok
 11235 | Lair:1   | Killed Gastronok
 11304 | Lair:1   | Noticed Urug
 11313 | Lair:1   | Killed Urug
 11398 | Lair:1   | Received a gift from Trog
 11850 | Lair:1   | Found the +13 scythe of Curses {drain, curses, Drain}
 11881 | Lair:1   | Acquired the +1 pair of boots of the Ten Runes {+Inv rF+
                  | rC+}
 11893 | Lair:1   | Reached XP level 15. HP: 96/123 MP: 15/15
 11898 | Lair:1   | Identified the staff of death "Rack" {rElec rN+ Will-
                  | rCorr}
 12087 | Lair:2   | Found a staircase to the Shoals.
 13423 | Lair:3   | Found a hole to the Spider Nest.
 14075 | Lair:4   | Found a viscous altar of Jiyva.
 14083 | Lair:4   | Found a staircase to the Slime Pits.
 14665 | Lair:5   | Entered Level 5 of the Lair of Beasts
 14758 | Lair:5   | Reached ****** piety under Trog
 15321 | Lair:5   | Received a gift from Trog
 16375 | Shoals:1 | Entered Level 1 of the Shoals
 16382 | Shoals:1 | Gained mutation: Your magical and physical power is
                  | slightly enhanced at high health. [demonic ancestry]
 16382 | Shoals:1 | Reached XP level 16. HP: 127/133 MP: 16/16
 16794 | Shoals:1 | Received a gift from Trog
 17302 | Shoals:1 | Found a runed translucent gate.
 17302 | Shoals:1 | Found a runed translucent gate.
 17302 | Shoals:1 | Found a runed translucent gate.
 17303 | Shoals:1 | Noticed Ughina's ghost (adept MiFi)
 17326 | Shoals:1 | Killed Ughina's ghost
 17576 | Shoals:2 | Found Ciagg's CLEARANCE SALE!.
 18470 | Shoals:2 | Noticed a kraken
 18477 | Shoals:2 | Killed a kraken
 18620 | Shoals:2 | Noticed a kraken
 18629 | Shoals:2 | Killed a kraken
 18867 | Shoals:3 | Received a gift from Trog
 18998 | Shoals:3 | Found Nimedgh's General Store.
 19023 | Shoals:3 | Noticed Polyphemus
 19054 | Shoals:3 | Killed Polyphemus
 19057 | Shoals:3 | Reached skill level 15 in Fighting
 19626 | Shoals:3 | Found Caxyd's Antique Armour Shoppe.
 19817 | Shoals:4 | Entered Level 4 of the Shoals
 19949 | Shoals:4 | Noticed a titan
 19960 | Shoals:4 | Killed a titan
 19992 | Shoals:4 | Got a barnacled rune of Zot
 19997 | Shoals:4 | Identified the +4 quarterstaff of the Dwarven Hall {holy,
                  | rF+ Will++ Int+5}
 20039 | Shoals:4 | Identified the staff of cold "Rukhil" {rC+ Str+4}
 20273 | Shoals:4 | Paralysed by an air elemental for 1 turns
 20353 | Shoals:4 | Reached skill level 1 in Polearms
 20353 | Shoals:4 | Reached skill level 1 in Evocations
 20398 | Shoals:4 | Reached XP level 17. HP: 140/142 MP: 5/17
 20761 | Shoals:4 | Found a blossoming altar of Fedhas.
 20815 | Shoals:4 | Paralysed by an air elemental for 1 turns
 20817 | Shoals:4 | Received a gift from Trog
 20926 | Shoals:4 | Paralysed by an air elemental for 1 turns
 20928 | Shoals:4 | Paralysed by an air elemental for 1 turns
 21564 | Spider:1 | Entered Level 1 of the Spider Nest
 21655 | Spider:1 | Identified the +9 quarterstaff of the Nurturing Oracle
                  | {flame, Fly rF+ Str+3}
 21678 | Spider:1 | Reached skill level 5 in Evocations
 21710 | Spider:1 | Reached skill level 5 in Polearms
 22648 | Spider:2 | Noticed Mlioglotl
 22657 | Abyss:2  | Cast into level 2 of the Abyss (spatial maelstrom)
 22896 | Abyss:2  | Received a gift from Trog
 22954 | Abyss:2  | Noticed a bone dragon
 22962 | Abyss:2  | Killed a bone dragon
 22972 | Spider:2 | Escaped the Abyss
 22979 | Spider:2 | Killed Mlioglotl
 23049 | Spider:2 | Identified the +0 cloak of Snakes and Ladders {Fly rElec
                  | Int+2}
 23919 | Spider:3 | Noticed Donald
 24592 | Spider:3 | Gained mutation: You are surrounded by a strong repulsion
                  | field. (EV +4, RMsl) [demonic ancestry]
 24592 | Spider:3 | Reached XP level 18. HP: 105/149 MP: 4/18
 24654 | Spider:3 | Reached skill level 10 in Evocations
 24697 | Spider:3 | Identified the +9 broad axe of Fortitude {flame, Stlth+}
                  | (Trog gifted it to you on level 3 of the Spider Nest)
 24697 | Spider:3 | Received a gift from Trog
 25065 | Spider:3 | Killed Donald
 25295 | Spider:4 | Entered Level 4 of the Spider Nest
 25374 | Spider:4 | Noticed Bai Suzhen
 25396 | Spider:4 | Killed Bai Suzhen
 26119 | Spider:4 | Noticed Kirke
 26132 | Spider:4 | Killed Kirke
 26276 | Spider:4 | Received a gift from Trog
 26881 | Spider:4 | Reached skill level 5 in Dodging
 26944 | Spider:4 | Got a gossamer rune of Zot
 27459 | Slime:1  | Entered Level 1 of the Pits of Slime
 27751 | Slime:1  | Gained mutation: Armour fits poorly on your strangely
                  | shaped body. [a shining eye]
 29189 | Slime:2  | Received a gift from Trog
 29230 | Slime:3  | Gained mutation: You have hidden genetic defects. [a
                  | shining eye]
 29232 | Slime:3  | Lost mutation: Your flesh is heat resistant. (rF+) [potion
                  | of mutation]
 29232 | Slime:3  | Lost mutation: You possess an exceptional clarity of mind.
                  | [potion of mutation]
 29232 | Slime:3  | Gained mutation: You passively map a small area around you.
                  | [potion of mutation]
 29232 | Slime:3  | Gained mutation: Your flesh is heat resistant. (rF+)
                  | [potion of mutation]
 29317 | Slime:3  | Reached XP level 19. HP: 155/155 MP: 19/19
 29329 | Slime:2  | Lost mutation: Your muscles are strong. (Str +4, Int/Dex
                  | -1) [potion of mutation]
 29329 | Slime:2  | Lost mutation: Your flesh is heat resistant. (rF+) [potion
                  | of mutation]
 29329 | Slime:2  | Gained mutation: You are agile. (Dex +4, Str/Int -1)
                  | [potion of mutation]
 29329 | Slime:2  | Gained mutation: You are very agile. (Dex +8, Str/Int -2)
                  | [potion of mutation]
 29330 | Slime:2  | Lost mutation: You have hidden genetic defects. [potion of
                  | mutation]
 29330 | Slime:2  | Lost mutation: You are very agile. (Dex +8, Str/Int -2)
                  | [potion of mutation]
 29330 | Slime:2  | Lost mutation: Armour fits poorly on your strangely shaped
                  | body. [potion of mutation]
 29330 | Slime:2  | Gained mutation: Your muscles are strong. (Str +4, Int/Dex
                  | -1) [potion of mutation]
 29330 | Slime:2  | Gained mutation: You occasionally shout uncontrollably at
                  | your foes. [potion of mutation]
 29455 | Slime:3  | Reached skill level 15 in Evocations
 29479 | Slime:3  | Gained mutation: Your spells are a little easier to cast,
                  | but a little less powerful. [a shining eye]
 29529 | Slime:3  | Gained mutation: Your magical capacity is low. (-10% MP) [a
                  | shining eye]
 30103 | Slime:4  | Gained mutation: You sometimes lose your temper in combat.
                  | [a shining eye]
 30121 | Slime:4  | Gained mutation: Your magical capacity is very low. (-20%
                  | MP) [a shining eye]
 30489 | Slime:5  | Entered Level 5 of the Pits of Slime
 30537 | Slime:5  | Noticed the Royal Jelly
 30564 | Slime:5  | HP: 10/232 [azure jelly[the Royal Jelly] (3)]
 30564 | Slime:5  | HP: 3/232 [azure jelly[the Royal Jelly] (7)]
 30564 | Slime:5  | Slain by an azure jelly

Illustrated notes

Levels and vault maps discovered:
D:1:      lemuel_arrival_funnel, layout_rooms, serial_shops, shop
D:2:      layout_basic, minmay_tetromino_s2, uniq_natasha
D:3:      minmay_chambers_of_threes, layout_loops_cross, serial_shops,
          nicolae_shop_just_a_little_nook, nicolae_shop_statue_plus, shop, shop,
          nicolae_lakefront_shop, minmay_vboxes, uniq_jessica, uniq_pargi,
          uniq_sigmund, uniq_crazy_yiuf_cottage
D:4:      layout_cave_pools, minivault_5
D:5:      kennysheep_steamy, layout_cave_pools,
          chequers_temple_overflow_minitemple, minmay_temple_entry_trees,
          ebering_ghost_rock_garden, uniq_grinder
D:6:      wad_pebble_path, layout_rooms, serial_shops, shop,
          hangedman_abyss_or_decor_stabs
D:7:      layout_gridville, enter_bailey_2, minmay_misc_feat_secret_circle,
          uniq_pikel
D:8:      layout_cave_pools, grunt_temple_overflow_magic_moments, serial_shops,
          kennysheep_little_box, uniq_psyche
D:9:      layout_basic, nicolae_ru_great_annihilating_truth, david_orc_3,
          minmay_librarian
D:10:     erik_rubicon_a, layout_basic
D:11:     layout_irregular_city, lair_entry_dummy, portal_ice_cave_rime,
          reono_crystal_passage
Lair:1:   statuecave_lemuel, layout_chaotic_city, minivault_24,
          serial_bayou_shore_a, grunt_megastairs_1, uniq_gastronok, uniq_urug,
          uniq_fannar
Lair:2:   layout_regular_city, elwin_shoals_entry_rooms, lemuel_fruit_fields
Lair:3:   layout_regular_city, dummy_spider_entry, serial_bayou_shore_b
Lair:4:   layout_roguey, slime_entry_1, infiniplex_staircase_pool_2
Lair:5:   due_jungle_book, layout_small_grid, infiniplex_staircase_pool
Shoals:1: cheibrodos_shoals_satyrical_garden, layout_shoals,
          ebering_ghost_rock_garden
Shoals:2: layout_shoals, nicolae_shop_clearance
Shoals:3: layout_shoals, serial_shops, shop, nicolae_take_the_stairs,
          uniq_polyphemus
Shoals:4: shoals_end_hellmonk_storm_palace [storm_palace_center_circular,
          storm_palace_corner_pillars, storm_palace_corner_altar,
          storm_palace_corner_blocked, storm_palace_corner_narrow]
Spider:1: layout_spider_delve
Spider:2: layout_cave_pods, nicolae_spider_scorpion_nest, uniq_mlioglotl
Spider:3: layout_spider_delve, nicolae_spider_stair_cavern, uniq_donald
Spider:4: hellmonk_spider_rune_endless_swarm, uniq_bai_suzhen, uniq_kirke
Slime:1:  cheibrodos_slime_lost_civilization_1, layout_caves,
          cheibrodos_slime_lost_civilization_5
Slime:2:  layout_caves
Slime:3:  layout_caves
Slime:4:  layout_caves
Slime:5
Orc:1:    layout_caves, david_defended_altar_orc
Orc:2:    grunt_orc_cross, layout_caves, special_room

Skill      XL: |  1  2  3  4  5  6  7  8  9 10 11 12 13 14 15 16 17 18 19 |
---------------+----------------------------------------------------------+-----
Axes           | 2 3 4 5 6 7 9 10 11 12 14 | 14.3
Shields        | 3 4 5 6 8 9 10 11 12 14 | 14.0
Armour         | 3 4 5 6 8 9 10 11 12 14 | 14.0
Dodging        | 2 3 4 6 9 |  9.8
Fighting       | 4 5 6 7 8 10 11 12 13 14 15 | 15.0
Polearms       | 1 7 |  7.9
Evocations     | 1 9 14 15 | 15.0

Action                     |  1- 3 |  4- 6 |  7- 9 | 10-12 | 13-15 | 16-18 | 19-21 || total
---------------------------+-------+-------+-------+-------+-------+-------+-------++-------
  Melee: War axe           |    55 |    89 |   188 |   373 |   337 |   142 |       ||  1184
         Dagger            |       |     5 |       |       |       |       |       ||     5
         Broad axe         |       |       |       |       |   354 |  1035 |   127 ||  1516
  Throw: Javelin           |     5 |     7 |    22 |    23 |     2 |    30 |    20 ||   109
         Boomerang         |       |       |       |       |    18 |     3 |       ||    21
 Invoke: Berserk           |       |       |       |     5 |     1 |     5 |     2 ||    13
         Trog's Hand       |       |       |       |     1 |       |     4 |       ||     5
         Brothers in Arms  |       |       |       |       |       |     8 |     3 ||    11
  Evoke: Wand              |       |       |       |       |       |    14 |     2 ||    16
         Box of beasts     |       |       |       |       |       |     1 |       ||     1
    Use: Scroll            |     4 |       |     8 |    19 |     7 |    18 |     2 ||    58
         Potion            |       |       |     1 |     4 |     1 |     6 |     5 ||    17
   Stab: Paralysed         |       |       |       |     1 |       |       |       ||     1
         Petrified         |       |       |       |       |       |    11 |       ||    11
         Petrifying        |       |       |       |       |       |     1 |       ||     1
         Distracted        |       |       |       |       |       |     1 |       ||     1
 Armour: Plate armour      |    40 |    46 |   124 |   160 |    83 |       |       ||   453
         Scale mail        |     1 |       |       |       |       |       |       ||     1
         Crystal plate arm |       |       |       |       |   181 |   717 |    92 ||   990
  Dodge: Dodged            |     8 |    13 |    27 |    76 |   159 |   376 |    74 ||   733
         Repelled          |       |       |       |       |       |     3 |     5 ||     8
  Block: Buckler           |    11 |    35 |     9 |       |       |       |       ||    55
         Tower shield      |       |       |   201 |   500 |   190 |       |       ||   891
         Reflection        |       |       |     5 |     9 |    15 |    78 |     3 ||   110
         Kite shield       |       |       |       |       |   473 |  1405 |   163 ||  2041
